 Dungeon Crawl Stone Soup version 0.31-a0-844-gdc52ec4e09 (webtiles) character file.

Game seed: 11975364162176818192

5807 hikkokomori the Magician (level 10, -11/83 HPs)
             Began as a Gnoll Warper on Sept 29, 2023.
             Was a Believer of Ashenzari.
             Mangled by a two-headed ogre
             ... wielding a +0 giant club
              (21 damage)
             ... on level 9 of the Dungeon.
             The game lasted 00:19:01 (7939 turns).

hikkokomori the Magician (Gnoll Warper)             Turns: 7939, Time: 00:19:02

Health: -11/83     AC: 14    Str: 15    XL:     10   Next: 79%
Magic:  23/23      EV: 17    Int: 11    God:    Ashenzari [**....]
Gold:   544        SH:  0    Dex: 18    Spells: 20/28 levels left

rFire   . . .        h - +1 triple crossbow
rCold   . . .        (shield currently unavailable)
rNeg    + . .        x - +4 leather armour of Oloercho {+Inv rCorr}
rPois   +            n - +2 hat
rElec   .            y - +2 ratskin cloak {*Rats rPois rN+ Str-1 Int-1 Dex+1, Self, Range} (curse)
rCorr   +            q - +0 pair of gloves of the Distant Sorrow {Melee, Self} (curse)
SInv    +            (no boots)
Will    .....        (no amulet)
Stlth   +++          r - ring of Panopticon {Str+6, Alch, Cun} (curse)
HPRegen 0.33/turn    (no ring)
MPRegen 0.18/turn

%: no passive effects
@: no status effects
A: fangs 1, strong nose, distributed training
a: Renounce Religion, Evoke Invisibility, Shatter the Chains


You were on level 9 of the Dungeon.
You worshipped Ashenzari.
Ashenzari was pleased with you.
You visited 2 branches of the dungeon, and saw 10 of its levels.

You collected 583 gold pieces.
You spent 39 gold pieces at shops.

Inventory:

Hand Weapons
 a - a +0 hand axe
 h - a +1 triple crossbow (weapon)
 H - a +2 orcbow of flaming
Missiles
 d - 7 darts of dispersal
 t - 37 poisoned darts
 F - 3 atropa-tipped darts
Armour
 b - a +0 leather armour
 n - a +2 hat (worn)
 o - +0 steam dragon scales
 q - the cursed +0 pair of gloves of the Distant Sorrow (worn) {Melee, Self}
   (You found it on level 3 of the Dungeon)

   It has a curse which improves the following skills: Melee Combat: Short
   Blades, Long Blades, Axes, Maces & Flails, Polearms, Staves and Unarmed
   Combat.
   Introspection: Fighting and Spellcasting.
 x - the +4 leather armour of Oloercho (worn) {+Inv rCorr}
   (You found it on level 4 of the Dungeon)

   +Inv:      It lets you turn invisible.
   rCorr:     It protects you from acid and corrosion.
 y - the cursed +2 ratskin cloak (worn) {*Rats rPois rN+ Str-1 Int-1 Dex+1, Self, Range}
   (You found it on level 4 of the Dungeon)

   *Rats:     When the wearer is hurt, rats may emerge from it to assist them.
   Str-1:     It affects your strength (-1).
   Int-1:     It affects your intelligence (-1).
   Dex+1:     It affects your dexterity (+1).
   rPois:     It protects you from poison rN+: It protects you from negative
   energy.
   It has a curse which improves the following skills: Introspection: Fighting
   and Spellcasting.
   Ranged Combat: Ranged Weapons and Throwing.
 I - the +3 leather armour "Ixe Jetu" {rF+ Dex+2}
   (You found it on level 9 of the Dungeon)

   Dex+2:     It affects your dexterity (+2).
   rF+:       It protects you from fire.
Jewellery
 r - the cursed ring of Panopticon (left hand) {Str+6, Alch, Cun}
   (You found it on level 4 of the Dungeon)

   [ring of strength]

   Str+6:     It affects your strength (+6).
   It has a curse which improves the following skills: Alchemy: Poison Magic and
   Transmutations.
   Cunning:   Dodging and Stealth.
 s - a ring of fire
 u - a +6 ring of dexterity
Talismans
 g - a flux talisman
Wands
 v - a wand of flame (20)
 z - a wand of paralysis (18)
 G - a wand of acid (6)
Scrolls
 c - a scroll of blinking
 e - 2 scrolls of amnesia
 f - 2 scrolls of immolation
 i - 5 scrolls of teleportation
Potions
 j - 3 potions of curing
 k - 2 potions of resistance
 l - 2 potions of invisibility
 m - 3 potions of lignification
 p - 2 potions of mutation
 w - 2 potions of haste
 A - a potion of enlightenment
 B - a potion of attraction
 C - 2 potions of might
 D - a potion of heal wounds
 E - a potion of cancellation


   Skills:
 + Level 7.4(9.2) Fighting
 + Level 5.7(6.8) Short Blades
 + Level 5.7(6.8) Long Blades
 + Level 7.4(8.6) Axes
 + Level 5.7(6.8) Maces & Flails
 + Level 5.7(6.8) Polearms
 + Level 5.7(6.8) Staves
 + Level 5.7(6.8) Ranged Weapons
 + Level 6.3(7.5) Throwing
 + Level 6.3 Armour
 + Level 7.4(8.6) Dodging
 + Level 5.7(6.8) Stealth
 + Level 5.7 Shields
 + Level 5.7(6.8) Unarmed Combat
 + Level 7.7(9.5) Spellcasting
 + Level 4.7 Conjurations
 + Level 4.7 Hexes
 + Level 4.7 Summonings
 + Level 4.7 Necromancy
 + Level 7.3 Translocations
 + Level 4.7(5.8) Transmutations
 + Level 4.7 Fire Magic
 + Level 4.7 Ice Magic
 + Level 4.7 Air Magic
 + Level 4.7 Earth Magic
 + Level 4.7(5.8) Poison Magic
 + Level 6.2 Invocations
 + Level 5.7 Evocations
 + Level 5.2 Shapeshifting


You had 20 spell levels left.
You knew the following spells:

 Your Spells              Type           Power      Damage    Failure   Level
a - Blink                 Tloc           42%        N/A       1%          2
b - Lesser Beckoning      Tloc           42%        N/A       1%          2
c - Animate Dead          Necr           15%        N/A       22%         4

Your spell library contained the following spells:

 Spells                   Type           Power      Damage    Failure   Level
 Freeze                   Ice            60%        1d7       2%          1
 Magic Dart               Conj           60%        1d6       2%          1
 Teleport Other           Tloc           21%        N/A       2%          3
 Call Imp                 Summ           30%        N/A       3%          2
 Mephitic Cloud           Conj/Pois/Air  16%        N/A       6%          3
 Frozen Ramparts          Ice            30%        1d5       7%          3
 Hailstorm                Conj/Ice       15%        3d5       7%          3
 Manifold Assault         Tloc           21%        N/A       8%          4
 Vhi's Electric Charge    Tloc/Air       36%        N/A       14%         4
 Haunt                    Necr/Summ      7%         N/A       100%        7
 Infestation              Necr           7%         N/A       100%        8


Dungeon Overview and Level Annotations

Branches:
Dungeon (9/15)             Temple (1/1) D:4            Lair (0/5) D:9
    Orc: D:9-12

Altars:
Ashenzari
Cheibriados
Dithmenos
Elyvilon
Fedhas
Gozag
Hepliaklqana
Kikubaaqudgha
Makhleb
Nemelex Xobeh
Okawaru
Qazlal
Ru
Sif Muna
Trog
Uskayaw
Vehumet
Wu Jian
Xom
Yredelemnul
Zin
The Shining One

Shops:
D:3 *


Innate Abilities, Weirdness & Mutations

You have very sharp teeth.
Your uncanny sense of smell can sniff out nearby items.
Your experience applies equally to all skills.


Message History

Press: ? - help, Shift-Dir - straight line, f/p - death yak
Aim: a death yak (heavily wounded, 81% to hit)
You shoot a bolt. The bolt hits the death yak!!
The death yak is severely wounded.
You hear a bellow!
The death yak barely misses you. The death yak completely misses you.
You hear a bellow!
Fire: h) +1 triple crossbow
Press: ? - help, Shift-Dir - straight line, f/p - death yak
Aim: a death yak (severely wounded, 81% to hit)
You shoot a bolt. The death yak bellows!
The bolt hits the death yak but does no damage.
The death yak is severely wounded.
Your surroundings suddenly seem different.
Found a stone staircase leading up.
Unknown command.
A two-headed ogre comes into view. It is wielding two +0 giant clubs.
The two-headed ogre shouts in stereo!
Found 16 gold pieces.
You shoot a bolt.
The bolt completely misses the two-headed ogre.
The two-headed ogre barely misses you.
The two-headed ogre hits you with a +0 giant club.
You shoot a bolt. The bolt hits the two-headed ogre.
The two-headed ogre is lightly wounded.
The two-headed ogre misses you.
The two-headed ogre hits you with a +0 giant club!!
A hell rat scurries out from under your cloak.
Unknown command.
You shoot a bolt. The bolt hits the two-headed ogre!
The two-headed ogre is moderately wounded.
The two-headed ogre hits you but does no damage.
The two-headed ogre hits you with a +0 giant club!
* * * LOW HITPOINT WARNING * * *
Your hell rat bites the two-headed ogre.
The two-headed ogre hits you with a +0 giant club!
* * * LOW HITPOINT WARNING * * *
The two-headed ogre hits you with a +0 giant club!!
You die...

..#.# #..$....
#...... #.....#
#.....# #.....#
#.....# #O..#
#@r.# #.^.#
#..<########+ .
#............ ...
######...........
...
#............#
#..
######.......#
#.. #.......# .
#.......# .


You could see a two-headed ogre (ally target) and a friendly hell rat.

Vanquished Creatures
  Jeremiah (D:6)
  3 yaks (D:8)
  A steam dragon (D:7)
  Edmund (D:5)
  7 orc warriors
  3 water moccasins
  2 black bears
  An ice beast (D:6)
  A sky beast (D:6)
  An ogre (D:7)
  3 centaurs
  A phantom (D:6)
  2 kobold brigands
  Blork the orc (D:6)
  5 bullfrogs
  2 scorpions
  8 wights
  4 killer bees (D:8)
  8 howler monkeys
  6 hounds
  A jelly (D:6)
  5 orc priests
  An iguana (D:4)
  10 orc wizards
  Natasha (twice) (D:2)
  The ghost of GreenGuy14 the Stinger, a weakling DjEE of Ashenzari (D:3)
  3 adders
  A shadow imp (D:8)
  2 white imps
  2 ufetubi
  3 worms
  3 dart slugs
  45 orcs
  6 ball pythons
  3 bats
  12 endoplasms
  2 giant cockroaches (D:4)
  8 goblins
  5 hobgoblins
  A jackal (D:2)
  5 quokkas
  3 frilled lizards
  17 kobolds
  9 rats
211 creatures vanquished.

Vanquished Creatures (collateral kills)
  A two-headed ogre (D:8)
  2 killer bees (D:8)
  2 orcs
  2 kobolds (D:8)
7 creatures vanquished.

Vanquished Creatures (others)
  An iguana (D:7)
1 creature vanquished.

Grand Total: 219 creatures vanquished

Notes
Turn   | Place    | Note
-------+----------+-------------------------------------------
     0 | D:1      | hikkokomori the Gnoll Warper began the quest for the Orb.
     0 | D:1      | Reached XP level 1. HP: 20/20 MP: 6/6
   311 | D:1      | Reached XP level 2. HP: 26/26 MP: 7/7
   314 | D:1      | Learned a level 2 spell: Blink
   317 | D:1      | Learned a level 2 spell: Lesser Beckoning
   814 | D:2      | Reached XP level 3. HP: 29/31 MP: 9/9
   817 | D:2      | Reached skill level 5 in Spellcasting
  1035 | D:2      | Reached skill level 1 in Invocations
  1228 | D:2      | Noticed Natasha
  1230 | D:2      | Killed Natasha
  1231 | D:2      | Reached skill level 1 in Short Blades
  1231 | D:2      | Reached skill level 1 in Long Blades
  1231 | D:2      | Reached skill level 1 in Maces & Flails
  1231 | D:2      | Reached skill level 1 in Polearms
  1231 | D:2      | Reached skill level 1 in Staves
  1231 | D:2      | Reached skill level 1 in Ranged Weapons
  1231 | D:2      | Reached skill level 1 in Stealth
  1231 | D:2      | Reached skill level 1 in Shields
  1231 | D:2      | Reached skill level 1 in Unarmed Combat
  1231 | D:2      | Reached skill level 1 in Evocations
  1231 | D:2      | Reached skill level 1 in Shapeshifting
  1231 | D:2      | Reached XP level 4. HP: 38/38 MP: 11/11
  1243 | D:2      | Noticed Natasha
  1250 | D:2      | Killed Natasha
  1251 | D:2      | Reached skill level 1 in Conjurations
  1251 | D:2      | Reached skill level 1 in Hexes
  1251 | D:2      | Reached skill level 1 in Summonings
  1251 | D:2      | Reached skill level 1 in Necromancy
  1251 | D:2      | Reached skill level 1 in Transmutations
  1251 | D:2      | Reached skill level 1 in Fire Magic
  1251 | D:2      | Reached skill level 1 in Ice Magic
  1251 | D:2      | Reached skill level 1 in Air Magic
  1251 | D:2      | Reached skill level 1 in Earth Magic
  1251 | D:2      | Reached skill level 1 in Poison Magic
  1861 | D:3      | Reached XP level 5. HP: 14/43 MP: 12/12
  2101 | D:3      | Found Fudecosi's General Store.
  2105 | D:3      | Bought a scroll of teleportation for 39 gold pieces
  2630 | D:3      | Reached XP level 6. HP: 50/50 MP: 13/13
  2944 | D:3      | Found a runed translucent door.
  2944 | D:3      | Noticed GreenGuy14's ghost (weakling DjEE)
  3189 | D:3      | Killed GreenGuy14's ghost
  3225 | D:4      | Reached skill level 5 in Fighting
  3225 | D:4      | Reached skill level 5 in Axes
  3225 | D:4      | Reached skill level 5 in Dodging
  3296 | D:4      | Found a staircase to the Ecumenical Temple.
  3347 | Temple   | Entered the Ecumenical Temple
  3415 | Temple   | Became a worshipper of Ashenzari the Shackled
  3691 | D:4      | Identified the +4 leather armour of Oloercho {+Inv rCorr}
  3898 | D:4      | Found the +2 ratskin cloak {*Rats rPois rN+ Str-1 Int-1
                  | Dex+1}
  4096 | D:5      | Entered Level 5 of the Dungeon
  4401 | D:5      | Noticed a water moccasin
  4411 | D:5      | Killed a water moccasin
  4412 | D:5      | Reached XP level 7. HP: 55/56 MP: 15/15
  4630 | D:5      | Noticed Edmund
  4636 | D:5      | Killed Edmund
  4703 | D:5      | Reached XP level 8. HP: 64/64 MP: 17/17
  5073 | D:6      | Noticed Blork the orc
  5077 | D:6      | Killed Blork the orc
  5083 | D:6      | Noticed Jeremiah
  5130 | D:6      | Killed Jeremiah
  5436 | D:6      | Reached XP level 9. HP: 71/71 MP: 19/19
  5441 | D:6      | Learned a level 4 spell: Animate Dead
  5465 | D:6      | Reached * piety under Ashenzari
  5662 | D:7      | Found an ornate altar of the Wu Jian Council.
  5663 | D:7      | Found a stormy altar of Qazlal.
  5663 | D:7      | Found an ancient bone altar of Kikubaaqudgha.
  5692 | D:6      | Reached skill level 5 in Throwing
  5692 | D:6      | Reached skill level 5 in Armour
  5810 | D:7      | Found a sparkling altar of Nemelex Xobeh.
  6081 | D:7      | Found a basalt altar of Yredelemnul.
  6081 | D:7      | Found an iron altar of Okawaru.
  6130 | D:7      | Found a blossoming altar of Fedhas.
  6133 | D:7      | Reached skill level 5 in Invocations
  6334 | D:7      | Reached XP level 10. HP: 62/79 MP: 21/21
  6507 | D:7      | Reached skill level 5 in Short Blades
  6507 | D:7      | Reached skill level 5 in Long Blades
  6507 | D:7      | Reached skill level 5 in Maces & Flails
  6507 | D:7      | Reached skill level 5 in Polearms
  6507 | D:7      | Reached skill level 5 in Staves
  6507 | D:7      | Reached skill level 5 in Ranged Weapons
  6507 | D:7      | Reached skill level 5 in Stealth
  6507 | D:7      | Reached skill level 5 in Shields
  6507 | D:7      | Reached skill level 5 in Unarmed Combat
  6507 | D:7      | Reached skill level 5 in Evocations
  7007 | D:8      | Noticed a two-headed ogre
  7019 | D:8      | Killed a two-headed ogre
  7230 | D:8      | Reached skill level 5 in Shapeshifting
  7755 | D:9      | Noticed a death yak
  7755 | D:9      | Noticed a death yak
  7755 | D:9      | Noticed a death yak
  7755 | D:9      | Noticed a death yak
  7755 | D:9      | Noticed a death yak
  7818 | D:9      | Found a sparkling altar of Nemelex Xobeh.
  7821 | D:9      | Identified the +3 leather armour "Ixe Jetu" {rF+ Dex+2}
  7843 | D:9      | Found a staircase to the Lair.
  7846 | D:9      | Noticed a death yak
  7907 | D:9      | Reached ** piety under Ashenzari
  7920 | D:9      | Noticed a death yak
  7934 | D:9      | Noticed a two-headed ogre
  7939 | D:9      | Mangled by a two-headed ogre

Illustrated notes

Levels and vault maps discovered:
D:1:      noname_arrival_rooms_in_the_neighbourhood, layout_loops_ring
D:2:      layout_loops_ring, minmay_misc_feat_encased, uniq_natasha
D:3:      layout_basic, serial_shops, nicolae_shop_back_alley_shop,
          gammafunk_ghost_grave, roderic_roman_lattice, minmay_pentangle
D:4:      layout_cave_pods, minmay_temple_entry_glass
D:5:      layout_loops_corners, kennysheep_big_empty_room, uniq_edmund
D:6:      layout_rooms, chequers_serial_rivers_micro_a, minmay_misc_feat_doors,
          dreamdust_mushroom_princess, uniq_jeremiah, uniq_blork_the_orc
D:7:      layout_rooms, grunt_temple_overflow_open,
          mainiacjoe_overflow_divided_tiny, serial_aquarium,
          aquarium_bridge_square [aquarium_subvault_balcony,
          aquarium_subvault_bridge, aquarium_subvault_window,
          aquarium_subvault_bridge], aquarium_window_corridor_2,
          aquarium_window_1, aquarium_view_2a, aquarium_view_2a,
          minmay_misc_feat_alley, hangedman_feature_mirror,
          mrwooster_statue_mirror, grunt_ministairs_8
D:8:      layout_rooms, special_room [special_room_orc]
D:9:      layout_irregular_city, nicolae_overflow_crystal_walls,
          dpeg_lair_monsters
Temple:   nicolae_temple_superstar

Skill      XL: |  1  2  3  4  5  6  7  8  9 10 |
---------------+-------------------------------+-----
Spellcasting   | 5 6 7 |  7.7
Invocations    | 1 2 3 4 5 6 |  6.2
Short Blades   | 1 2 3 4 5 |  5.7
Long Blades    | 1 2 3 4 5 |  5.7
Maces & Flails | 1 2 3 4 5 |  5.7
Polearms       | 1 2 3 4 5 |  5.7
Staves         | 1 2 3 4 5 |  5.7
Ranged Weapons | 1 2 3 4 5 |  5.7
Stealth        | 1 2 3 4 5 |  5.7
Shields        | 1 2 3 4 5 |  5.7
Unarmed Combat | 1 2 3 4 5 |  5.7
Evocations     | 1 2 3 4 5 |  5.7
Shapeshifting  | 1 2 3 4 5 |  5.2
Conjurations   | 1 2 3 4 |  4.7
Hexes          | 1 2 3 4 |  4.7
Summonings     | 1 2 3 4 |  4.7
Necromancy     | 1 2 3 4 |  4.7
Transmutations | 1 2 3 4 |  4.7
Fire Magic     | 1 2 3 4 |  4.7
Ice Magic      | 1 2 3 4 |  4.7
Air Magic      | 1 2 3 4 |  4.7
Earth Magic    | 1 2 3 4 |  4.7
Poison Magic   | 1 2 3 4 |  4.7
Throwing       | 3 4 5 6 |  6.3
Armour         | 3 4 5 6 |  6.3
Fighting       | 5 6 7 |  7.4
Axes           | 5 6 7 |  7.4
Dodging        | 5 6 7 |  7.4
Translocations | 6 7 |  7.3

Action                     |  1- 3 |  4- 6 |  7- 9 | 10-12 || total
---------------------------+-------+-------+-------+-------++-------
  Melee: Hand axe          |    37 |    11 |       |       ||    48
         Bite              |     4 |     2 |       |       ||     6
   Fire: Triple crossbow   |    37 |   145 |   168 |   145 ||   495
 Invoke: Curse Item        |       |     1 |     1 |     1 ||     3
  Evoke: Wand              |       |       |       |     1 ||     1
    Use: Scroll            |       |     7 |     3 |     1 ||    11
         Potion            |       |       |       |     1 ||     1
 Armour: Leather armour    |    30 |    94 |   141 |    88 ||   353
  Dodge: Dodged            |    36 |    95 |   175 |   115 ||   421

Table legend: (Time is in decaauts)
 A = Elapsed time spent in this place.
 B = Non-inter-level travel time spent in this place.
 C = Inter-level travel time spent in this place.
 D = Time resting spent in this place.
 E = Time spent auto-exploring this place.
 F = Levels seen in this place.
 G = Mean time per level.
                   A        B        C        D        E       F      G
               +--------+--------+--------+--------+--------+-----+--------+
         Total |   8520 |   8314 |    206 |    575 |   5864 |  10 |  852.0 |
       Dungeon |   8442 |   8245 |    197 |    575 |   5864 |   9 |  938.0 |
        Temple |     77 |     68 |      9 |      0 |      0 |   1 |   77.0 |
               +--------+--------+--------+--------+--------+-----+--------+

Top non-repeatable levels by time:
     D:3: 1813 daAuts
     D:8: 1153 daAuts
     D:7: 1037 daAuts
     D:6: 934 daAuts
     D:5: 895 daAuts
     D:4: 830 daAuts
     D:1: 817 daAuts
     D:2: 771 daAuts
     D:9: 189 daAuts
  Temple: 77 daAuts
